 Dungeon Crawl Stone Soup version 0.30-a0-218-gedb9141078 (webtiles) character file.

Game seed: 14084083750620712501

453 billz999 the Covert (level 6, -1/41 HPs)
             Began as a Vampire Earth Elementalist on Oct 5, 2022.
             Slain by Duvessa
             ... wielding a +6 short sword of venom
              (2 damage)
             ... on level 5 of the Dungeon.
             The game lasted 00:08:59 (3214 turns).

billz999 the Covert (Vampire Earth Elementalist)    Turns: 3214, Time: 00:09:00

Health: -1/41      AC:  4    Str:  7    XL:     6   Next: 75%
Magic:  10/10      EV: 12    Int: 19    God:
Gold:   80         SH:  0    Dex: 15    Spells: 6/11 levels left

rFire   . . .      SeeInvis +    u - +3 club (spect)
rCold   . . .      Faith    .    x - +0 buckler
rNeg    . . .      Spirit   .    v - +1 robe {Archmagi}
rPois   .          Reflect  .    g - +0 helmet
rElec   .          Harm     .    (no cloak)
rCorr   .          Rampage  .    (no gloves)
Will    .....      Archmagi +    (no boots)
Stlth   +.........               (no amulet)
HPRegen 0.46/turn                w - ring of wizardry
MPRegen 0.12/turn                i - ring of flight

@: confused, brilliant, lit by a corona, flying, healing quickly, glowing
A: alive, fangs 3, see invisible, vampiric 2
a: Exsanguinate


You were on level 5 of the Dungeon.
You visited 1 branch of the dungeon, and saw 5 of its levels.

You collected 170 gold pieces.
You spent 90 gold pieces at shops.

Inventory:

Hand Weapons
 e - a +0 rapier
 p - a +0 dagger
 u - a +3 spectral club (weapon)
Armour
 a - a +0 robe
 g - a +0 helmet (worn)
 q - a +0 pair of boots
 s - the +4 ring mail "Ozeivow" {rC+ Str+4}
   (You found it on level 2 of the Dungeon)

   Str:       It affects your strength (+4).
   rC:        It protects you from cold.
 v - a +1 robe of the Archmagi (worn)
 x - a +0 buckler (worn)
Jewellery
 i - a ring of flight (right hand)
 w - a ring of wizardry (left hand)
 y - the ring "Vahites" {Fire rPois MP+9 Slay-5}
   (You bought it in a shop on level 4 of the Dungeon)

   [ring of fire]

   It enhances your fire magic.
   Slay:      It affects your accuracy & damage with ranged weapons and melee
   (-5).
   rF:        It protects you from fire.
   rC:        It makes you vulnerable to cold.
   rPois:     It protects you from poison.
   MP:        It affects your magic capacity (+9).
Scrolls
 c - a scroll of brand weapon {unknown}
 h - 3 scrolls of teleportation {unknown}
 j - a scroll of noise {unknown}
 k - a scroll of vulnerability {unknown}
 n - a scroll of blinking {unknown}
 o - a scroll of fear
 z - a scroll of magic mapping {unknown}
 B - a scroll of poison {unknown}
Potions
 b - a potion of magic
 d - a potion of ambrosia
 f - a potion of lignification {unknown}
 l - 2 potions of degeneration
 m - a potion of brilliance
 r - a potion of mutation {unknown}
 t - a potion of curing
 A - a potion of haste {unknown}


   Skills:
 - Level 2.1 Dodging
 - Level 8.3 Stealth
 + Level 1.2 Shields
 - Level 3.0 Spellcasting
 - Level 3.6 Transmutations
 - Level 3.5 Earth Magic


You had 6 spell levels left.
You knew the following spells:

 Your Spells              Type           Power      Damage    Failure   Level
a - Sandblast             Erth           72%        2d16      1%          1
b - Petrify               Tmut/Erth      37%        N/A       17%         4

Your spell library contained the following spells:

 Spells                   Type           Power      Damage    Failure   Level
 Passwall                 Tmut/Erth      30%        N/A       2%          2
 Stone Arrow              Conj/Erth      42%        3d9       12%         3
 Gell's Gravitas          Tloc           6%         N/A       24%         3
 Teleport Other           Tloc           6%         N/A       24%         3
 Dispersal                Tloc           3%         N/A       100%        6


Dungeon Overview and Level Annotations

Branches:
Dungeon (5/15)
 Temple: D:4-7

Altars:
Trog
Uskayaw
Wu Jian

Shops:
D:4 *

Annotations:
D:3 2 transporters, ders's ghost, amateur GrEE
D:5 Dowan; Duvessa; Pikel


Innate Abilities, Weirdness & Mutations

Your natural rate of healing is accelerated.
You have razor-sharp teeth.
You have supernaturally acute eyesight. (SInv)
You are afflicted with vampirism and can become a bat while bloodless.


Message History

Duvessa is moderately wounded.
Your +3 spectral club hits Duvessa.
Dowan hits you with a +0 dagger.
The helpless Duvessa fails to defend herself.
You hit Duvessa but do no damage. You bite Duvessa, but do no damage.
Duvessa is moderately wounded.
Your +3 spectral club hits Duvessa but does no damage.
You block Dowan's attack.
The helpless Duvessa fails to defend herself.
You sock Duvessa!
Duvessa is moderately wounded.
Your +3 spectral club hits Duvessa.
Dowan hits you with a +0 dagger. Dowan hits you but does no damage.
The helpless Duvessa fails to defend herself.
You hit Duvessa.
Duvessa is heavily wounded.
Your +3 spectral club hits Duvessa!
Dowan hits you with a +0 dagger.
The helpless Duvessa fails to defend herself.
You hit Duvessa.
Duvessa is heavily wounded.
Your +3 spectral club hits Duvessa.
Dowan closely misses you.
The helpless Duvessa fails to defend herself.
You hit Duvessa.
Duvessa is severely wounded.
Your +3 spectral club hits Duvessa.
Dowan hits you with a +0 dagger. Dowan misses you.
The helpless Duvessa fails to defend herself.
You hit Duvessa but do no damage. You bite Duvessa, but do no damage.
Duvessa is severely wounded.
Your +3 spectral club hits Duvessa.
Duvessa is no longer petrified.
Your +3 spectral club fades away.
Duvessa zaps a wand.
The bolt of light hits you.
You are confused.
Dowan hits you but does no damage.
Duvessa zaps a wand.
The bolt of light hits you!
* * * LOW HITPOINT WARNING * * *
You are too confused!
It was a potion of brilliance.
You feel clever all of a sudden.
Duvessa hits you with a +6 short sword of venom.
You die...

!. ... ##.. .. ###
...###.###..+ #
.... .....## .# #.
#..##.....# ..#
#..#.........#....
................#
#.....e@..# .#
#.#.##e..##
....#.#.##...##
................
....#.#.##...####
##..#.#.##...#
........<#..[..
...##.#.#######
#.#..


You could see Duvessa (fast) and Dowan.

Vanquished Creatures
  Sigmund (D:2)
  An ogre (D:3)
  A jelly (D:4)
  An orc priest (D:3)
  Jessica (D:2)
  4 adders
  3 worms
  A dart slug (D:3)
  5 orcs (D:3)
  5 bats
  7 endoplasms
  6 giant cockroaches
  4 hobgoblins
  3 jackals (D:1)
  A quokka (D:3)
  5 ball pythons
  3 frilled lizards
  3 goblins
  3 kobolds
  5 rats
63 creatures vanquished.

Notes
Turn   | Place    | Note
-------+----------+-------------------------------------------
     0 | D:1      | billz999 the Vampire Earth Elementalist began the quest for
                  | the Orb.
     0 | D:1      | Reached XP level 1. HP: 13/13 MP: 3/3
   323 | D:1      | Reached XP level 2. HP: 19/19 MP: 1/5
   861 | D:2      | Reached skill level 4 in Stealth
   891 | D:2      | You fall into a shaft and drop 1 floor!
  1115 | D:3      | Found a transporter.
  1116 | D:3      | Noticed ders's ghost (amateur GrEE)
  1120 | D:3      | Noticed a steam dragon
  1224 | D:2      | Noticed Sigmund
  1234 | D:2      | Killed Sigmund
  1235 | D:2      | Reached skill level 8 in Stealth
  1235 | D:2      | Gained mutation: You are afflicted with vampirism and can
                  | become a bat while bloodless. [Vampire growth]
  1235 | D:2      | Reached XP level 3. HP: 20/24 MP: 1/6
  1235 | D:2      | Reached XP level 4. HP: 26/30 MP: 1/7
  1235 | D:2      | Reached XP level 5. HP: 30/35 MP: 1/8
  1434 | D:2      | Identified the +4 ring mail "Ozeivow" {rC+ Str+4}
  1528 | D:2      | Learned a level 4 spell: Petrify
  1534 | D:2      | Found an ornate altar of the Wu Jian Council.
  1682 | D:2      | Noticed Jessica
  1689 | D:2      | Killed Jessica
  2022 | D:3      | Found a transporter.
  2028 | D:3      | Reached XP level 6. HP: 41/41 MP: 7/9
  2307 | D:4      | Found a hide-covered altar of Uskayaw.
  2418 | D:4      | Found Ojoqo's Assorted Antiques.
  2422 | D:4      | Bought a translucent glass ring for 90 gold pieces
  2422 | D:4      | Identified the ring "Vahites" {Fire rPois MP+9 Slay-5} (You
                  | bought it in a shop on level 4 of the Dungeon)
  2731 | D:4      | Reached skill level 1 in Shields
  2974 | D:4      | Found a bloodstained altar of Trog.
  3127 | D:5      | Entered Level 5 of the Dungeon
  3127 | D:5      | Noticed Pikel
  3186 | D:5      | Noticed Dowan
  3189 | D:5      | Noticed Duvessa
  3213 | D:5      | HP: 1/41 [Duvessa/bolt of light (14)]
  3214 | D:5      | Slain by Duvessa

Illustrated notes

Levels and vault maps discovered:
D:1:      elethiomel_arrival_infinity_welcomes_careful_drivers, layout_rooms,
          minmay_misc_feat_doors
D:2:      layout_rooms, basic_altar, uniq_sigmund, uniq_jessica
D:3:      layout_rooms, gammafunk_ghost_arena
D:4:      layout_loops_corners, general_overflow_altar,
          gammafunk_temple_overflow_wave, serial_shops, shop
D:5:      layout_basic, lemuel_tele_altar, mainiacjoe_overflow_chevrons,
          minmay_temple_entry_mist, nicolae_elevator_lobby_plus, uniq_duvessa,
          uniq_pikel

Skill      XL: |  1  2  3  4  5  6 |
---------------+-------------------+-----
Transmutations | 3 |  3.6
Stealth        | 8 |  8.3
Spellcasting   | 3 |  3.0
Shields        | 1 |  1.2
Dodging        | |  2.1
Earth Magic    | |  3.5

Action                   |  1- 3 |  4- 6 || total
-------------------------+-------+-------++-------
Melee: Short sword       |     1 |       ||     1
       Dagger            |     2 |       ||     2
       Rapier            |     1 |     5 ||     6
       Bite              |     1 |     5 ||     6
       Club              |       |    29 ||    29
 Cast: Sandblast         |    31 |    40 ||    71
       Petrify           |       |     2 ||     2
  Use: Potion            |     1 |     4 ||     5
       Scroll            |       |     3 ||     3
 Stab: Distracted        |     1 |       ||     1
       Sleeping          |       |     1 ||     1
       Petrified         |       |     9 ||     9
Armor: Robe              |     3 |    10 ||    13
       Ring mail         |       |     2 ||     2
Dodge: Dodged            |     5 |    38 ||    43
Block: Buckler           |       |     2 ||     2

Table legend: (Time is in decaauts)
 A = Elapsed time spent in this place.
 B = Non-inter-level travel time spent in this place.
 C = Inter-level travel time spent in this place.
 D = Time resting spent in this place.
 E = Time spent auto-exploring this place.
 F = Levels seen in this place.
 G = Mean time per level.
                   A        B        C        D        E       F      G
               +--------+--------+--------+--------+--------+-----+--------+
         Total |   3257 |   3019 |    238 |    212 |   2315 |   5 |  651.4 |
       Dungeon |   3257 |   3019 |    238 |    212 |   2315 |   5 |  651.4 |
               +--------+--------+--------+--------+--------+-----+--------+

Top non-repeatable levels by time:
     D:1: 966 daAuts
     D:4: 928 daAuts
     D:2: 683 daAuts
     D:3: 644 daAuts
     D:5: 35 daAuts
